 Dungeon Crawl Stone Soup version 0.29.0-10-g45618ea6d2 (webtiles) character file.

Game seed: 3541036082067355860

25 robertstho the Magician (level 3, 0/27 HPs)
             Began as a Djinni Fire Elementalist on Sept 1, 2022.
             Slain by a quokka (4 damage)
             ... on level 1 of the Dungeon.
             The game lasted 00:02:06 (1142 turns).

robertstho the Magician (Djinni Fire Elementalist)  Turns: 1142, Time: 00:02:07

Health: 0/27       AC:  2    Str:  7    XL:     3   Next: 20%
Gold:   58         EV: 12    Int: 18    God:
                   SH:  0    Dex: 13

rFire   + + .      SeeInvis .   (no weapon)
rCold   x . .      Faith    .   (no shield)
rNeg    . . .      Spirit   .   a - +0 robe
rPois   ∞          Reflect  .   (no helmet)
rElec   .          Harm     .   (no cloak)
rCorr   .          Rampage  .   (no gloves)
Will    .....                   (boots unavailable)
Stlth   ++........              (no amulet)
HPRegen 0.09/turn               (no ring)
MPRegen 0.00/turn               (no ring)

@: flying
A: sickness immunity, fire resistance 2, cold vulnerability 1, float, innate
caster, HP casting, extra vitality 1
a: no special abilities


You were on level 1 of the Dungeon.
You visited 1 branch of the dungeon, and saw 1 of its levels.

You collected 58 gold pieces.

Inventory:

Armour
 a - a +0 robe (worn)
Scrolls
 c - a scroll of enchant armour {unknown}
 g - a scroll of noise {unknown}
Potions
 b - 2 potions of berserk rage {unknown}
 d - 2 potions of might {unknown}
 e - a potion of heal wounds {unknown}
 f - 2 potions of degeneration {unknown}


   Skills:
 * Level 1.0 Fighting
 + Level 2.3 Dodging
 + Level 1.6 Stealth
 * Level 3.0 Spellcasting


You couldn't memorise any spells.
You knew the following spells:

 Your Spells              Type           Power      Damage    Failure   Level
a - Foxfire               Conj/Fire      52%        2x1d6     4%          1
b - Scorch                Fire           26%        2d6       7%          2
c - Conjure Flame         Conj/Fire      13%        6-21      14%         3
d - Inner Flame           Hex/Fire       13%        N/A       14%         3
e - Flame Wave            Conj/Fire      13%        2d6       43%         4
f - Freeze                Ice            52%        1d7       4%          1
Your spell library was empty.

Dungeon Overview and Level Annotations

Branches:
Dungeon (1/15)

Altars:


Innate Abilities, Weirdness & Mutations

You are immune to sickness and miasma.
You are immune to poison.
Your flesh is very heat resistant. (rF++)
You are vulnerable to cold. (rC-)
You float through the air rather than walking.
You learn spells naturally, not from books.
Your magical power is your life essence.
You have superior vitality. (+4 MHP)


Message History

There are monsters nearby!
There are monsters nearby!
There are monsters nearby!
There are monsters nearby!
A quokka comes into view.
Found a scroll labelled DIORACSO RAKHAHA.
The endoplasm quivers.
You closely miss the quokka. The quokka bites you.
Casting: Foxfire (safe; 4% risk of failure)
Press: ? - help, Q - select action, (/) - cycle Dir - look around, f - activate You conjure some foxfire!
The quokka bites you.
The foxfire hits the goblin.
The goblin is heavily wounded.
The quokka bites you.
Casting: Foxfire (safe; 4% risk of failure)
Press: ? - help, Q - select action, (/) - cycle Dir - look around, f - activate You conjure some foxfire!
The quokka closely misses you.
The foxfire hits the endoplasm but does no damage.
Unknown command.
Casting: Foxfire (safe; 4% risk of failure)
Press: ? - help, Q - select action, (/) - cycle Dir - look around, f - activate You conjure some foxfire!
The foxfire hits the goblin.
You kill the goblin!
The quokka bites you.
Your Spellcasting skill increases to level 3!
Unknown command.
Your foxfire dissipates!
The foxfire hits the endoplasm.
The endoplasm is heavily wounded.
Unknown command.
The quokka attacks as you move away! The quokka bites you.
The quokka barely misses you.
You see here a quokka corpse.
The quokka attacks as you move away! The quokka closely misses you.
The quokka bites you.
* * * LOW HITPOINT WARNING * * *
The quokka attacks as you move away! The quokka bites you.
You die...

#.#..#.##.###........#. ######
#........>...........#. #....#
###.##...............#.
#.##.########.#####.....######.#.
#.##..........# #..≈≈≈........#.
#.###########.# #..≈.≈..........
#.#...........# #..≈≈≈..........
#.#.##############...............
#.#.# #####..Jr@...####....#####
#.#.## #...#.#..............#
.....# #...#.#.####.........#
###..# #...#†#.# ######...## #..#
#...#.#.# #.. #..# #.?.#.#.# #..#
#..)..#.# #..# #....##.# #..#
#....##.#


You could see an endoplasm and a quokka.

Vanquished Creatures
  3 ball pythons (D:1)
  An endoplasm (D:1)
  2 giant cockroaches (D:1)
  3 goblins (D:1)
  3 hobgoblins (D:1)
  3 quokkas (D:1)
  2 bats (D:1)
  3 frilled lizards (D:1)
  2 kobolds (D:1)
  A rat (D:1)
23 creatures vanquished.

Vanquished Creatures (others)
  93 foxfires (D:1)
93 creatures vanquished.

Grand Total: 116 creatures vanquished

Notes
Turn   | Place    | Note
-------+----------+-------------------------------------------
     0 | D:1      | robertstho the Djinni Fire Elementalist began the quest for
                  | the Orb.
     0 | D:1      | robertstho set off with the following spells memorised:
                  | Foxfire, Scorch, Conjure Flame, Inner Flame, Flame Wave.
     0 | D:1      | Reached XP level 1. HP: 15/15 MP: 0/0
   100 | D:1      | Reached XP level 2. HP: 6/22 MP: 0/0
   730 | D:1      | Reached skill level 1 in Fighting
   836 | D:1      | Reached XP level 3. HP: 22/27 MP: 0/0
   836 | D:1      | Learned a level 1 spell: Freeze
  1133 | D:1      | Reached skill level 3 in Spellcasting
  1142 | D:1      | Slain by a quokka

Illustrated notes

Levels and vault maps discovered:
D:1:      lemuel_arrival_lava_pool, layout_basic,
          corexii_item_surrounded_by_moat, minmay_pentomino_z2

Skill      XL: |  1  2  3 |
---------------+----------+-----
Fighting       | 1 |  1.0
Spellcasting   | 3 |  3.0
Dodging        | |  2.3
Stealth        | |  1.6

Action                   || total
-------------------------++-------
Melee: Unarmed           ||     2
 Cast: Foxfire           ||    58
Armor: Robe              ||     1
Dodge: Dodged            ||     5
